 Dungeon Crawl Stone Soup version 0.31.0-12-g77e489cdc1 (webtiles) character file.

Game seed: 2726204840284128804

429 leafyfresh the Ducker (level 7, 0/45 HPs)
             Began as a Djinni Ice Elementalist on Mar 1, 2024.
             Slain by an ice beast (16 damage)
             ... on level 5 of the Dungeon.
             The game lasted 00:06:16 (4839 turns).

leafyfresh the Ducker (Djinni Ice Elementalist)     Turns: 4839, Time: 00:06:17

Health: 0/45       AC:  9    Str:  7    XL:     7   Next: 19%
Gold:   238        EV: 19    Int: 18    God:
                   SH:  0    Dex: 14

rFire   + + +        e - +0 dagger
rCold   x . .        (no shield)
rNeg    . . .        a - +0 robe
rPois   ∞            r - +0 helmet
rElec   +            j - scarf {repulsion}
rCorr   .            (no gloves)
SInv    .            (boots unavailable)
Will    .....        (no amulet)
Stlth   ++           p - +5 ring of evasion
HPRegen 0.27/turn    s - ring "Muwkucw" {rElec rF+}
MPRegen 0.00/turn

%: repel missiles, infuse magic (-1 HP)
@: ice-armoured, flying
A: sickness immunity, fire resistance 2, cold vulnerability 1, float, innate
caster, HP casting, extra vitality 1
a: no special abilities


You were on level 5 of the Dungeon.
You visited 1 branch of the dungeon, and saw 5 of its levels.

You collected 238 gold pieces.

Inventory:

Hand Weapons
 e - a +0 dagger (weapon)
 i - a +2 dagger of holy wrath
Armour
 a - a +0 robe (worn)
 j - a scarf of repulsion (worn)
 r - a +0 helmet (worn)
Jewellery
 p - a +5 ring of evasion (left hand)
 s - the ring "Muwkucw" (right hand) {rElec rF+}
   (You found it on level 4 of the Dungeon)

   [ring of protection from fire]

   rF+:       It protects you from fire.
   rElec:     It insulates you from electricity.
Scrolls
 c - 3 scrolls of poison {unknown}
 f - a scroll of enchant armour {unknown}
 g - a scroll of blinking {unknown}
 h - a scroll of revelation {unknown}
 l - 4 scrolls of identify {unknown}
 m - 2 scrolls of fear {unknown}
Potions
 b - 2 potions of ambrosia {unknown}
 d - a potion of invisibility {unknown}
 k - a potion of curing
 n - 2 potions of lignification {unknown}
 o - a potion of mutation {unknown}
 q - a potion of haste {unknown}
 t - a potion of degeneration {unknown}


   Skills:
 + Level 4.8 Dodging
 + Level 3.9 Stealth
 + Level 4.7 Spellcasting
 + Level 4.7 Conjurations
 + Level 4.7 Hexes
 + Level 4.7 Summonings
 + Level 4.7 Necromancy
 + Level 4.7 Translocations
 + Level 4.7 Fire Magic
 + Level 4.7 Ice Magic
 + Level 4.7 Air Magic
 + Level 4.7 Earth Magic
 + Level 4.7 Alchemy


You knew the following spells:

 Your Spells              Type           Power      Damage    Failure   Level
a - Freeze                Ice            84%        1d9       1%          1
b - Frozen Ramparts       Ice            42%        1d7       6%          3
c - Ozocubu's Armour      Ice            21%        N/A       6%          3
d - Summon Ice Beast      Ice/Summ       21%        N/A       6%          3
e - Kiss of Death         Conj/Necr      84%        2d11      1%          1
f - Jinxbite              Hex            42%        N/A       3%          2
g - Gell's Gravitas       Tloc           21%        N/A       6%          3
Your spell library was empty.

Dungeon Overview and Level Annotations

Branches:
Dungeon (5/15)
 Temple: D:4-7

Altars:
Cheibriados
Dithmenos
Elyvilon
Hepliaklqana
Makhleb
Nemelex Xobeh
Okawaru
Qazlal
Trog
Uskayaw
Wu Jian
Xom

Shops:
D:5 [


Innate Abilities, Weirdness & Mutations

You are immune to sickness and miasma.
You are immune to poison.
Your flesh is very heat resistant. (rF++)
You are vulnerable to cold. (rC-)
You float through the air rather than walking.
You learn spells naturally, not from books.
Your magical power is your life essence.
You have superior vitality. (+4 MHP)


Message History

Aiming: Freeze (safe; 1% risk of failure)
Press: ? - help, Shift-Dir - straight line, f/p - iguana
Aim: an iguana (severely wounded, slow)
You freeze the iguana!
You kill the iguana!
An ice beast comes into view.
Casting: Freeze (safe; 1% risk of failure)
Confirm with . or Enter, or press ? or * to list all spells.
You don't know that spell.
Unknown command.
Casting: Freeze (safe; 1% risk of failure)
Confirm with . or Enter, or press ? or * to list all spells.
Okay, then.
Casting: Freeze (safe; 1% risk of failure)
Confirm with . or Enter, or press ? or * to list all spells.
A chill wind blows around you.
Okay, then.
Unknown command.
Casting: Summon Ice Beast (dangerous; 6% risk of failure)
Confirm with . or Enter, or press ? or * to list all spells.
A chill wind blows around you.
Your ice beast disappears in a puff of smoke!
Unknown command.
Found Wilyur's Armour Boutique.
You hit the ice beast but do no damage. The ice beast misses you.
Your ice beast hits the ice beast.
Your ice beast freezes the ice beast.
The ice beast completely resists.
You hit the ice beast but do no damage.
The ice beast is lightly wounded.
The ice beast hits you. The ice beast freezes you!
You feel a terrible chill!
Your ice beast hits the ice beast.
Your ice beast freezes the ice beast.
The ice beast completely resists.
You are too injured to fight recklessly!
You are too injured to fight recklessly!
You are too injured to fight recklessly!
Casting: Summon Ice Beast (dangerous; 6% risk of failure)
Confirm with . or Enter, or press ? or * to list all spells.
A film of ice covers your body! The ice beast hits you.
The ice beast freezes you!
You feel a terrible chill!
You die...

#.#.. #.#.#
#.#.# ##.#.#
#....#
###....#####.
#............
#.†..@Y.....∩
#.....Y......
###...#.....#
#<..##...##
##### #....
.### #


You could see an ice beast (ally target) and a friendly ice beast (summoned).

Vanquished Creatures
  A black bear (D:4)
  A bombardier beetle (D:3)
  2 hounds (D:4)
  Terence (D:3)
  2 iguanas
  A gnoll (D:2)
  7 adders
  An adder zombie (D:2)
  A ribbon worm (D:4)
  4 dart slugs
  A bat skeleton (D:2)
  8 endoplasms
  3 giant cockroaches
  9 hobgoblins
  3 jackals (D:2)
  4 quokkas
  6 ball pythons
  8 bats
  3 frilled lizards (D:3)
  5 goblins
  A jackal zombie (D:2)
  4 kobolds
  2 quokka skeletons (D:2)
  5 rats
83 creatures vanquished.

Notes
Turn   | Place    | Note
-------+----------+-------------------------------------------
     0 | D:1      | leafyfresh the Djinni Ice Elementalist began the quest for
                  | the Orb.
     0 | D:1      | leafyfresh set off with the following spells memorised:
                  | Freeze, Frozen Ramparts, Ozocubu's Armour, Summon Ice
                  | Beast.
     0 | D:1      | Reached XP level 1. HP: 15/15 MP: 0/0
   112 | D:1      | Reached XP level 2. HP: 17/21 MP: 0/0
   320 | D:1      | Reached XP level 3. HP: 20/25 MP: 0/0
   320 | D:1      | Learned a level 1 spell: Kiss of Death
  2022 | D:2      | Reached XP level 4. HP: 23/31 MP: 0/0
  2539 | D:3      | Found a snail-covered altar of Cheibriados.
  2559 | D:3      | Reached XP level 5. HP: 16/35 MP: 0/0
  2559 | D:3      | Learned a level 2 spell: Jinxbite
  3483 | D:3      | Found a shadowy altar of Dithmenos.
  3483 | D:3      | Found a sparkling altar of Nemelex Xobeh.
  3484 | D:3      | Found a shimmering altar of Xom.
  3485 | D:3      | Found a hazy altar of Hepliaklqana.
  3485 | D:3      | Found a burning altar of Makhleb.
  3486 | D:3      | Found a hide-covered altar of Uskayaw.
  3487 | D:3      | Found an ornate altar of the Wu Jian Council.
  3487 | D:3      | Found a stormy altar of Qazlal.
  3488 | D:3      | Found an iron altar of Okawaru.
  3567 | D:3      | Found a bloodstained altar of Trog.
  3569 | D:3      | Found a white marble altar of Elyvilon.
  3764 | D:3      | Noticed Terence
  3771 | D:3      | Killed Terence
  3995 | D:4      | Reached XP level 6. HP: 34/40 MP: 0/0
  4076 | D:4      | Identified the ring "Muwkucw" {rElec rF+}
  4643 | D:4      | Noticed a black bear
  4655 | D:4      | Killed a black bear
  4656 | D:4      | Reached XP level 7. HP: 28/45 MP: 0/0
  4656 | D:4      | Learned a level 3 spell: Gell's Gravitas
  4827 | D:5      | Entered Level 5 of the Dungeon
  4836 | D:5      | Found Wilyur's Armour Boutique.
  4839 | D:5      | Slain by an ice beast

Illustrated notes

Levels and vault maps discovered:
D:1:      dpeg_arrival_ternary, layout_basic, serial_forest,
          infiniplex_forest_clump_tiny, infiniplex_forest_lined_room_2,
          infiniplex_forest_lined_3, infiniplex_forest_end_2,
          infiniplex_forest_lined_room_, infiniplex_forest_end_2
D:2:      layout_rooms, serial_undead, serial_undead_e, serial_undead_a,
          serial_undead_a, serial_undead_e
D:3:      layout_loops_ring, slow_altar_2, nicolae_overflows_in_rows,
          uniq_terence
D:4:      layout_loops_ring
D:5:      layout_loops_ring, serial_shops, shop, minmay_misc_feat_ornament,
          uniq_crazy_yiuf_cottage

Skill      XL: |  1  2  3  4  5 |
---------------+----------------+-----
Stealth        | 2 3 |  3.9
Dodging        | 3 4 |  4.8
Spellcasting   | 4 |  4.7
Conjurations   | 4 |  4.7
Hexes          | 4 |  4.7
Summonings     | 4 |  4.7
Necromancy     | 4 |  4.7
Translocations | 4 |  4.7
Fire Magic     | 4 |  4.7
Ice Magic      | 4 |  4.7
Air Magic      | 4 |  4.7
Earth Magic    | 4 |  4.7
Alchemy        | 4 |  4.7

Action                     |  1- 3 |  4- 6 |  7- 9 || total
---------------------------+-------+-------+-------++-------
  Melee: Unarmed           |    61 |       |       ||    61
         Dagger            |    30 |    83 |     2 ||   115
         Punch             |     2 |       |       ||     2
   Cast: Freeze            |    68 |    24 |     3 ||    95
         Frozen Ramparts   |       |    11 |       ||    11
         Ozocubu's Armour  |       |     4 |     1 ||     5
         Summon Ice Beast  |       |       |     2 ||     2
    Use: Potion            |     2 |       |       ||     2
         Scroll            |     1 |       |       ||     1
   Stab: Distracted        |     1 |       |       ||     1
         Sleeping          |     3 |     9 |       ||    12
 Armour: Robe              |    76 |    54 |     2 ||   132
  Dodge: Dodged            |   132 |    67 |     3 ||   202
